Map: Dasan Station LE

Players

Neeb - Winner!

  • Race: Protoss Protoss

uThermal

  • Race: Terran Terran
  • League: Diamond

Event: WCS Copa Intercontinental

VOD

https://youtu.be/ZcwbSI8KOdg

Description

Time

  • Played on: Sept. 11, 2016, 5:21 p.m.
  • Length: 10:23

All games in this series

Show
View Real Time Build Order
Export as new Build Order

Neeb Protoss - Winner!

Build Orders: 1 Gate Expand 

Get SALT Encoding   

  12  0:00  Probe (Chrono Boost)  
  13  0:11  Probe (Chrono Boost)  
  14  0:17  Pylon  
  14  0:22  Probe (Chrono Boost)  
  15  0:35  Probe (Chrono Boost)  
  16  0:37  Gateway  
  16  0:46  Probe (Chrono Boost)  
  16  0:47  Assimilator  
  17  0:56  Probe (Chrono Boost)  
  18  1:07  Probe (Chrono Boost)  
  19  1:17  Nexus  
  19  1:20  Probe (Chrono Boost)  
  20  1:32  Cybernetics Core  
  20  1:33  Probe (Chrono Boost)  
  20  1:39  Assimilator  
  21  1:44  Probe (Chrono Boost)  
  22  1:48  Pylon  
  22  1:54  Probe (Chrono Boost)  
  23  2:07  Adept  
  26  2:09  Mothership Core (Chrono Boost)  
  27  2:18  Warp Gate  
  27  2:29  Probe (Chrono Boost)  
  29  2:30  Probe (Chrono Boost)  
  29  2:31  Adept  
  31  2:40  Probe (Chrono Boost)  
  31  2:41  Probe (Chrono Boost)  
  33  2:51  Probe (Chrono Boost)  
  34  2:53  Probe (Chrono Boost)  
  34  3:01  Probe (Chrono Boost)  
  34  3:05  Probe (Chrono Boost)  
  34  3:08  Robotics Facility  
  34  3:12  Probe (Chrono Boost)  
  35  3:15  Twilight Council, Probe (Chrono Boost)  
  36  3:21  Gateway  
  36  3:22  Probe (Chrono Boost), Gateway  
  36  3:26  Probe (Chrono Boost)  
  38  3:33  Probe (Chrono Boost)  
  39  3:38  Mothership Core (Chrono Boost), Resonating Glaives  
  39  3:40  Pylon  
  41  3:43  Probe (Chrono Boost)  
  42  3:55  Pylon, Probe (Chrono Boost)  
  43  3:56  Observer  
  43  3:58  Probe (Chrono Boost)  
  45  4:04  Assimilator  
  45  4:07  Probe (Chrono Boost)  
  45  4:08  Assimilator, Pylon  
  47  4:10  Probe (Chrono Boost)  
  47  4:15  Observer  
  47  4:19  Probe (Chrono Boost)  
  47  4:22  Probe (Chrono Boost)  
  47  4:23  Stalker  
  52  4:25  Stalker  
  52  4:30  Pylon  
  55  4:31  Probe (Chrono Boost), Warp Prism  
  55  4:34  Probe (Chrono Boost)  
  58  4:43  Probe (Chrono Boost)  
  60  4:47  Probe (Chrono Boost)  
  60  4:52  Stalker  
  62  4:54  Adept x2  
  66  5:00  Pylon  
  66  5:04  Stargate  
  66  5:10  Probe x2 (Chrono Boost)  
  68  5:15  Pylon  
  68  5:16  Pylon  
  68  5:19  Stalker x3  
  74  5:35  Nexus  
  74  5:36  Pylon  
  73  5:43  Adept x2  
  73  5:44  Adept  
  76  5:53  Probe (Chrono Boost)  
  76  5:54  Probe (Chrono Boost)  
  70  6:06  Probe x2 (Chrono Boost)  
  70  6:08  Stargate  
  70  6:11  Fleet Beacon  
  71  6:29  Oracle  
  74  6:34  Sentry x2, Adept  
  74  6:35  Probe x2 (Chrono Boost)  
  74  6:38  Pylon  
  84  6:47  Probe x3 (Chrono Boost)  
  84  6:50  Pylon  
  84  6:53  Tempest  
  85  6:59  Probe (Chrono Boost)  
  85  7:00  Probe (Chrono Boost)  
  92  7:01  Probe (Chrono Boost)  
  92  7:06  Pylon  
  92  7:09  Tempest  
  92  7:11  Probe (Chrono Boost)  
  92  7:12  Probe (Chrono Boost)  
  98  7:18  Pylon  
  98  7:28  Adept  
  98  7:29  Adept x2  
  104  7:31  Tempest  
  104  7:36  Assimilator  
  108  7:37  Assimilator  
  108  7:39  Protoss Air Weapons Level 1  
  108  7:49  Gateway  
  108  7:51  Gateway  
  108  7:54  Gateway, Adept  
  108  7:55  Adept  
  108  7:56  Adept  
  114  8:03  Tempest  
  108  8:21  Adept x3  
  112  8:32  Tempest  
  106  8:47  Adept x3  
  112  8:52  Adept  
  112  8:53  Adept  
  104  8:56  Probe x2 (Chrono Boost)  
  104  8:59  Tempest  
  104  9:02  Probe (Chrono Boost)  
  89  9:03  Adept  
  89  9:08  Probe (Chrono Boost), Adept x3  
  98  9:11  Probe (Chrono Boost)  
  98  9:14  Probe (Chrono Boost)  
  98  9:16  Tempest  
  102  9:26  Pylon, Adept x3  
  102  9:28  Adept  
  102  9:29  Adept  
  112  9:31  Adept  
  114  9:51  Adept x2, Forge  
  114  9:52  Pylon, Adept x3  
  124  9:53  Adept  
Show
View Real Time Build Order
Export as new Build Order

uThermal Terran 

Build Orders: MMM Bio 

Get SALT Encoding   

  12  0:01  SCV  
  13  0:13  SCV  
  14  0:18  Supply Depot  
  14  0:25  SCV  
  15  0:40  SCV  
  15  0:41  Barracks  
  16  0:45  Refinery  
  16  0:52  SCV  
  17  1:04  SCV  
  18  1:16  SCV  
  19  1:28  Barracks Reactor, Orbital Command  
  19  1:42  Command Center  
  19  1:52  Supply Depot  
  19  1:55  SCV  
  20  2:04  Marine x2  
  20  2:07  SCV  
  23  2:14  Factory  
  23  2:19  SCV  
  23  2:22  Marine  
  24  2:23  Marine  
  26  2:31  SCV, Refinery  
  27  2:40  Marine  
  27  2:41  Marine  
  27  2:43  SCV  
  30  2:58  Marine  
  28  2:59  Marine  
  28  3:08  Widow Mine  
  28  3:10  SCV  
  28  3:11  Starport  
  32  3:16  Marine  
  32  3:17  Marine  
  32  3:18  Orbital Command  
  31  3:22  SCV  
  32  3:34  SCV, Marine x2  
  34  3:41  Widow Mine  
  34  3:44  SCV  
  34  3:46  SCV  
  38  3:49  Medivac  
  38  3:50  Supply Depot  
  38  3:51  Marine  
  38  3:52  Marine  
  42  3:56  SCV  
  42  3:59  SCV  
  42  4:02  Liberator  
  44  4:08  SCV  
  45  4:11  SCV, Barracks  
  45  4:13  Barracks  
  46  4:19  Factory Tech Lab  
  46  4:21  SCV  
  46  4:23  SCV  
  51  4:27  Supply Depot  
  51  4:29  Marine  
  51  4:30  Marine  
  53  4:33  SCV  
  53  4:37  Supply Depot  
  54  4:46  Engineering Bay  
  54  4:49  SCV, Siege Tank  
  54  4:50  SCV  
  59  4:53  Marine x2  
  61  5:00  Barracks Tech Lab x2  
  61  5:01  SCV  
  61  5:02  SCV  
  61  5:04  Starport Reactor  
  63  5:11  Marine x2  
  63  5:13  SCV  
  63  5:14  SCV, Supply Depot  
  67  5:15  Refinery x2  
  67  5:20  Combat Shields, Stimpack  
  67  5:22  Marine  
  67  5:25  SCV  
  67  5:27  Supply Depot  
  67  5:28  Marine  
  70  5:35  Marine  
  71  5:36  Barracks  
  71  5:40  SCV  
  71  5:41  Barracks, Marine  
  73  5:48  SCV  
  66  5:50  Marine  
  66  5:55  SCV  
  66  5:56  Marine x2  
  68  6:00  SCV  
  69  6:07  SCV  
  69  6:08  Marine  
  69  6:09  Marauder  
  69  6:11  Siege Tank  
  76  6:15  SCV  
  77  6:19  SCV  
  77  6:21  Supply Depot  
  77  6:22  Medivac  
  76  6:29  Barracks Reactor, Marine  
  76  6:31  Barracks Reactor, Marine x2  
  78  6:38  Terran Infantry Weapons Level 1  
  78  6:40  Marine  
  78  6:41  Supply Depot  
  78  6:46  Siege Tank  
  82  6:47  Marine  
  82  6:50  Marine x2  
  85  7:00  Medivac x2  
  89  7:05  Missile Turret, Supply Depot  
  89  7:07  Marine x3  
  92  7:09  Marine x3  
  92  7:15  Supply Depot  
  94  7:18  Siege Tank  
  94  7:19  Marine  
  94  7:20  Marine  
  99  7:24  Marine  
  99  7:28  Marine  
  101  7:31  Medivac x2  
  101  7:33  Marine  
  101  7:34  Marine  
  107  7:38  Marine x2  
  107  7:41  Supply Depot, Marine, Marauder  
  112  7:51  Liberator  
  112  7:56  Marine  
  108  7:59  Marauder  
  108  8:01  Siege Tank, Marine x2  
  108  8:03  Marauder  
  112  8:11  Marine  
  110  8:18  Marine  
  107  8:21  Marauder  
  107  8:24  Liberator, Marauder  
  102  8:38  Marine  
  95  8:42  Marine, Marauder  
  95  8:45  Marine  
  95  8:46  Marine, Marauder  
  102  8:53  Marine  
  102  8:55  Marine  
  85  8:57  Marine  
  85  9:01  Marine  
  78  9:03  Marine, Marauder  
  78  9:07  Marauder  
  75  9:10  Marine  
  75  9:11  Marine  
  75  9:13  Marine  
  75  9:15  Marine  
  78  9:18  Marine  
  78  9:21  Marine  
  80  9:25  Marauder  
  80  9:27  Marine  
  80  9:28  Marine  
  80  9:29  Marine  
  85  9:37  Marine  
  82  9:38  Marine  
  82  9:42  Marine  
  82  9:44  Marine  
  85  9:46  Marauder  
  85  9:48  Marine  
  88  9:59  Marine x2, Marauder  
  86  10:00  Marine  
  86  10:02  Marine  
  86  10:03  Marine  
Tags
 
Add a new tag
Caveats
  • Supply blocks, unpowered buildings, or Contaminate may cause inaccurate times.
  • Supply counts are checked every 10 seconds.